 Dungeon Crawl Stone Soup version 0.25.1-2-g60ff931df9 (webtiles) character file.

Game seed: 17113245187816413098

464 Cazemata the Skirmisher (level 6, -17/52 HPs)
             Began as a Demonspawn Berserker on Oct 15, 2020.
             Was a Believer of Trog.
             Demolished by an ogre
             ... wielding a +0 giant club
              (22 damage)
             ... on level 6 of the Dungeon.
             The game lasted 00:30:32 (3409 turns).

Cazemata the Skirmisher (Demonspawn Berserker)      Turns: 3409, Time: 00:30:32

Health: -17/52     AC:  9    Str: 19    XL:     6   Next: 80%
Magic:  6/6        EV: 12    Int:  8    God:    Trog [**....]
Gold:   292        SH:  0    Dex: 13    Spells: 5/5 levels left

rFire    . . .     SeeInvis .   t - +0 long sword
rCold    . . .     Gourm    .   (no shield)
rNeg     . . .     Faith    .   k - +1 chain mail
rPois    +         Spirit   .   (helmet restricted)
rElec    .         Reflect  .   (no cloak)
rCorr    .         Harm     .   (no gloves)
MR       .....                  (no boots)
Stlth    ..........             (no amulet)
HPRegen  0.17/turn              i - ring of poison resistance
MPRegen  0.10/turn              u - +4 ring of evasion

@: hasted, very quick
A: horns 1, demonic guardian 1, rot immunity
a: Berserk, Trog's Hand, Renounce Religion


You were on level 6 of the Dungeon.
You worshipped Trog.
Trog was pleased with you.
You were hungry.

You visited 1 branch of the dungeon, and saw 6 of its levels.

You collected 292 gold pieces.

Inventory:

Hand Weapons
 a - a +0 falchion
 p - a +2 whip of electrocution
 s - a +0 arbalest
 t - a +0 long sword (weapon)
Missiles
 h - 160 stones (quivered)
 v - 25 poisoned darts
Armour
 b - a +0 animal skin
 k - a +1 chain mail (worn)
Jewellery
 i - a ring of poison resistance (left hand)
 q - an uncursed ring of wizardry
 u - a +4 ring of evasion (right hand)
Wands
 j - a wand of flame (10)
Scrolls
 d - 2 scrolls of amnesia
 o - 2 scrolls of blinking
 r - 5 scrolls of remove curse
 w - a scroll of identify
Potions
 e - 2 potions of haste
 f - a potion of heal wounds {unknown}
 g - 2 potions of degeneration {unknown}
 m - a potion of lignification {unknown}
 n - a potion of flight {unknown}
Comestibles
 c - 10 rations


   Skills:
 + Level 5.7 Fighting
 + Level 5.3 Long Blades
 - Level 1.8 Armour
 - Level 1.9 Dodging


You had 5 spell levels left.
You didn't know any spells.
Your spell library was empty.

Dungeon Overview and Level Annotations

Branches:
Dungeon (6/15)             Temple (0/1) D:6

Altars:
Ashenzari
Okawaru
Trog
Zin

Annotations:
D:4 1 runed translucent door


Innate Abilities, Weirdness & Mutations

You have a pair of small horns on your head.
A weak demonic guardian rushes to your aid.
You are immune to rotting.


Message History

Your quasit claws the ogre but does no damage.
The ogre misses your ufetubus.
Found a blue potion and a scimitar.
You feel yourself speed up.
Your quasit bites the ogre.
Your quasit claws the ogre.
Your quasit claws the ogre but does no damage.
Your ufetubus hits the ogre. x4; Your quasit barely misses the ogre.
Your quasit claws the ogre. x2; The ogre misses your ufetubus.
Unknown command.
Your ufetubus barely misses the ogre. x2
You see here a scroll labeled EPRUGE XEL ADELE.
Your quasit barely misses the ogre.
Your quasit closely misses the ogre.
Your quasit barely misses the ogre.
Your quasit disappears in a puff of smoke!
The ogre misses your ufetubus.
The ogre completely misses your ufetubus.
The ogre closely misses your ufetubus. The ogre barely misses your ufetubus.
The ogre hits you with a +0 giant club!!
You die...

......#.........##
......#..........# .....
..........)..##..##.....
......^...[####.........
....................!...
.......<.....(........
............).......#
...........†#.......##
............#...@....##
...........###.O5.....#
..............?........#
....#.#....##............
###.####.................
##................
#.......)........
#................
..................


You could see an ogre and a friendly ufetubus (summoned).

Vanquished Creatures
  An ogre (D:4)
  A howler monkey (D:4)
  2 orc priests
  A hound (D:4)
  A howler monkey skeleton (D:5)
  2 adders (D:5)
  2 oozes
  A worm (D:3)
  3 dart slugs
  2 leopard geckos
  3 orcs
  5 bats
  4 giant cockroaches
  5 hobgoblins
  4 jackals (D:3)
  A quokka (D:2)
  6 frilled lizards
  8 goblins
  A jackal skeleton (D:5)
  5 kobolds
  2 quokka skeletons
  6 rats
66 creatures vanquished.

Vanquished Creatures (collateral kills)
  An orc warrior (D:6)
  A bullfrog (D:6)
  A bullfrog zombie (D:6)
  An orc priest (D:6)
  4 orcs
8 creatures vanquished.

Grand Total: 74 creatures vanquished

Notes
Turn   | Place    | Note
-------+----------+-------------------------------------------
     0 | D:1      | Cazemata the Demonspawn Berserker began the quest for the
                  | Orb.
     0 | D:1      | Reached XP level 1. HP: 18/18 MP: 1/1
   277 | D:1      | Gained mutation: You have a pair of small horns on your
                  | head. [demonic ancestry]
   277 | D:1      | Reached XP level 2. HP: 24/24 MP: 2/2
   863 | D:2      | Gained mutation: A weak demonic guardian rushes to your
                  | aid. [demonic ancestry]
   863 | D:2      | Reached XP level 3. HP: 12/29 MP: 3/3
   954 | D:2      | Reached ** piety under Trog
  1428 | D:3      | Found a faded altar of an unknown god.
  1541 | D:3      | Found an iron altar of Okawaru.
  1541 | D:3      | Found a bloodstained altar of Trog.
  1840 | D:4      | Noticed an ogre
  1844 | D:4      | Killed an ogre
  1844 | D:4      | Reached XP level 4. HP: 8/38 MP: 4/4
  1844 | D:4      | Gained mutation: You are immune to rotting. [demonic
                  | ancestry]
  1844 | D:4      | Reached XP level 5. HP: 9/43 MP: 5/5
  2128 | D:4      | Found a glowing silver altar of Zin.
  2128 | D:4      | Found a runed translucent door.
  2128 | D:4      | Noticed an angel
  2685 | D:4      | Reached skill level 5 in Fighting
  2839 | D:5      | Entered Level 5 of the Dungeon
  2930 | D:5      | Reached XP level 6. HP: 51/51 MP: 6/6
  3235 | D:6      | Noticed an orc warrior
  3261 | D:6      | Reached skill level 5 in Long Blades
  3265 | D:6      | Found a staircase to the Ecumenical Temple.
  3295 | D:6      | Found a shattered altar of Ashenzari.
  3373 | D:6      | Killed an orc warrior
  3389 | D:6      | HP: 2/52 [orc priest/divine providence (8)]
  3409 | D:6      | Demolished by an ogre

Illustrated notes

Levels and vault maps discovered:
D:1:      ncdulo_smallfort, layout_basic
D:2:      layout_rooms, first_ration, minmay_box_of_dots
D:3:      layout_basic, gammafunk_temple_overflow_pools,
          chequers_ecumenical_altar_simple_redux
D:4:      layout_gridville, chequers_serial_rivers_small_b, lemuel_angel_altar
D:5:      layout_rooms
D:6:      layout_cave_pools, minmay_temple_entry_statues_pillars,
          nicolae_ashenzari_panopticon

Skill      XL: |  1  2  3  4  5  6 |
---------------+-------------------+-----
Long Blades    | 3 4 5 |  5.3
Fighting       | 4 5 |  5.7
Armour         | |  1.8
Dodging        | |  1.9

Action                   |  1- 3 |  4- 6 || total
-------------------------+-------+-------++-------
Melee: Falchion          |   102 |       ||   102
       Headbutt          |    22 |    13 ||    35
       Long sword        |     8 |    66 ||    74
       Whip              |     5 |       ||     5
Throw: Stone             |    35 |    15 ||    50
  Use: Scroll            |     9 |       ||     9
       Potion            |       |     1 ||     1
  Eat: Chunk             |     3 |     1 ||     4
       Ration            |       |     1 ||     1
Armor: Animal skin       |    12 |       ||    12
       Chain mail        |    34 |    24 ||    58
Dodge: Dodged            |    53 |    39 ||    92
       Rpst.: Falchion   |    14 |       ||    14
       Long sword        |       |    15 ||    15
